 Dungeon Crawl Stone Soup version 0.23-a0-756-g517b432 (console) character file.

44681 Duffy the Thaumaturge (level 14, -8/117 HPs)
             Began as a Naga Fire Elementalist on Jan 19, 2019.
             Was an Elder of Sif Muna.
             Mangled by a dire elephant (24 damage)
             ... on level 6 of the Lair of Beasts.
             The game lasted 00:40:29 (23782 turns).

Duffy the Thaumaturge (Naga Fire Elementalist)     Turns: 23782, Time: 00:40:30

Health: -8/117     AC:  9    Str: 10    XL:     14   Next: 29%
Magic:  1/39       EV:  9    Int: 21    God:    Sif Muna [****..]
Gold:   829        SH: 13    Dex: 12    Spells: 24/37 levels left

rFire    + . .     SeeInvis +   j - staff of energy {!a}
rCold    . . .     Gourm    .   o - +0 shield
rNeg     . . .     Faith    .   S - +1 robe {rC+}
rPois    +         Spirit   .   W - +0 hat
rElec    .         Reflect  .   (no cloak)
rCorr    .         Harm     .   t - +2 pair of gloves
MR       +....                  (no barding)
Stlth    ++........             (no amulet)
HPRegen  0.29/turn              z - ring of magical power
MPRegen  0.26/turn              m - ring of fire

@: divine energy, very slow
A: large, horns 1, large bone plates 1, see invisible, deformed body, poison
resistance, slowness 2, slow metabolism 1, spit poison 1, wild magic 1,
constrict 1, sturdy frame 1, AC +4
a: Spit Poison, Stop Divine Energy, Channel Magic, Forget Spell, Renounce
Religion


You were on level 6 of the Lair of Beasts.
You worshipped Sif Muna.
Sif Muna was greatly pleased with you.
You were hungry.

You visited 2 branches of the dungeon, and saw 16 of its levels.
You also visited: Ossuary.

You collected 963 gold pieces.
You spent 134 gold pieces at shops.

Inventory:

Hand Weapons
 s - a +1 blowgun
 H - a +3 spear of freezing
Missiles
 a - 6 javelins of penetration (quivered)
 u - 51 poisoned needles
 P - 3 throwing nets
Armour
 o - a +0 shield (worn)
 q - a +3 troll leather armour {Snorg}
 t - a +2 pair of gloves (worn)
 v - a +0 large shield
 N - a +0 robe of positive energy
 S - a +1 robe of cold resistance (worn)
 W - a +0 hat (worn)
Magical Staves
 j - an uncursed staff of energy (weapon) {!a}
Jewellery
 m - a ring of fire (right hand)
 z - a ring of magical power (left hand)
 E - an uncursed ring of protection from magic
 R - an uncursed ring of ice
 U - an uncursed ring of protection from cold
Wands
 b - a wand of clouds (1)
 y - a wand of digging (14)
 J - a wand of iceblast (22)
 K - a wand of disintegration (3)
Scrolls
 d - 10 scrolls of teleportation
 e - 5 scrolls of blinking
 f - 7 scrolls of enchant weapon
 g - 6 scrolls of enchant armour
 h - 2 scrolls of magic mapping
 n - 3 scrolls of amnesia
 p - 2 scrolls of remove curse
 L - a scroll of torment
 O - 3 scrolls of holy word
 V - 7 scrolls of identify
Potions
 i - 7 potions of curing
 k - 5 potions of lignification
 l - 4 potions of heal wounds
 w - 2 potions of mutation
 A - 3 potions of might
 B - 2 potions of berserk rage
 D - 2 potions of brilliance
 F - 5 potions of flight
 G - 2 potions of cancellation
 I - a potion of ambrosia
 M - 3 potions of resistance
 Q - 3 potions of agility
 T - 4 potions of haste
Comestibles
 c - 35 rations


   Skills:
 - Level 5.0 Fighting
 - Level 1.5 Dodging
 - Level 3.0 Stealth
 + Level 7.1 Shields
 + Level 12.2 Spellcasting
 - Level 10.4 Conjurations
 - Level 10.4 Fire Magic
 - Level 10.0 Invocations
 + Level 6.8 Evocations


You had 24 spell levels left.
You knew the following spells:

 Your Spells              Type           Power        Failure   Level  Hunger
h - Flame Tongue          Conj/Fire      #####        1%          1    None
j - Sticky Flame          Conj/Fire      #######.     2%          4    None
k - Fireball              Conj/Fire      #######...   4%          5    None
l - Conjure Flame         Conj/Fire      #######.     1%          3    None

Your spell library contained the following spells:

 Spells                   Type           Power        Failure   Level  Hunger
 Throw Flame              Conj/Fire      ######       1%          2    None
 Inner Flame              Hex/Fire       ######..     4%          3    None
 Infusion                 Chrm           ###.         12%         1    None
 Spectral Weapon          Hex/Chrm       ###.....     30%         3    None
 Teleport Other           Tloc           ###.....     30%         3    None
 Irradiate                Conj/Tmut      #####.....   32%         5    None
 Iskenderun's Battlesphe  Conj/Chrm      #####...     32%         5    None
 Orb of Destruction       Conj           ######....   73%         7    None
 Darkness                 Hex            ###.......   100%        6    None
 Hydra Form               Tmut           ###.......   100%        6    None
 Statue Form              Tmut/Erth      ###......    100%        6    None
 Dragon Form              Tmut           ###.......   100%        7    None
 Malign Gateway           Summ/Tloc      ###.......   100%        7    None
 Death's Door             Chrm/Necr      ###.......   100%        8    None


Dungeon Overview and Level Annotations

Branches:
Dungeon (10/15)            Temple (0/1) D:5            Lair (6/6) D:9
 Shoals (0/4) Lair:4        Snake (0/4) Lair:2
  Slime: Lair:5-6       Orc: D:9-12

Altars:
Ashenzari
Elyvilon
Fedhas
Hepliaklqana
Nemelex Xobeh
Ru
Sif Muna
Trog
Wu Jian
Zin

Shops:
D:6 %[(*

Annotations:
Lair:6 exclusion: 4 oklob plants


Innate Abilities, Weirdness & Mutations

You cannot wear boots.
Your serpentine skin is tough. (AC +4)
You have supernaturally acute eyesight. (SInv)
Armour fits poorly on your strangely shaped body.
Your system is resistant to poisons. (rPois)
You cover ground very slowly.
You have a slow metabolism.
You can spit poison.
You can use your snake-like lower body to constrict enemies.
You have a pair of small horns on your head.
You are partially covered in large bone plates. (SH +4)
Your spells are a little harder to cast, but a little more powerful.
Your movements are slightly less encumbered by armour. (ER -2)


Message History

The dire elephant is almost dead.
The dire elephant is engulfed in a cloud of scalding steam.
The dire elephant tramples you!
You hold your ground!
The dire elephant trunk-slaps you.
Evoke which item? (* to show all) (? for menu, Esc to quit)
Aiming: Iceblast
Press: ? - help, Shift-Dir - straight line The mass of ice explodes!
The iceblast engulfs the dire elephant.
The dire elephant is almost dead.
You regain access to your magic.
The dire elephant barely misses you.
The dire elephant trunk-slaps you but does no damage.
Evoke which item? (* to show all) (? for menu, Esc to quit)
Aiming: Iceblast
Press: ? - help, Shift-Dir - straight line The mass of ice explodes!
The iceblast engulfs the dire elephant.
The dire elephant is almost dead.
The dire elephant is engulfed in a cloud of scalding steam.
The dire elephant tramples you!!
You die...

###...#.#######
#P...#.8###|=##
#....+..8#000?#
##...+.}.#000.#
##....+..8#.00.#
#.....#.8##00..
#####.#..#.####00#
..#....#.#.##0~~Y##
.........#.#.~0~~@#
......#..#.#000~~~#
.........#.##~~00.#
.......#.#..#0...##
...).....##.####+##
......##.7#...#8.8#
..........###.#...###
.P.........##.##..#.##
...........##..#..'..##


You could see a dire elephant.

Vanquished Creatures
  Gastronok (Lair:2)
  A dire elephant (Lair:6)
  Snorg (Lair:4)
  Fannar (D:10)
  7 hydras
  Harold (D:7)
  A two-headed ogre (D:9)
  An anaconda (Lair:6)
  4 death yaks
  Urug (Lair:5)
  An unseen horror (D:10)
  Pikel (D:6)
  5 black mambas
  A centaur zombie (D:10)
  Joseph (D:9)
  9 elephants (Lair:6)
  10 spiny frogs
  2 komodo dragons
  A polar bear (Lair:1)
  Grinder (D:4)
  8 blink frogs
  7 dream sheep
  9 hippogriffs
  2 wyverns (Lair:1)
  31 yaks
  A basilisk (Lair:2)
  2 hungry ghosts
  A soldier ant (D:10)
  5 nagas (Lair:2)
  12 water moccasins
  12 porcupines
  3 orc warriors
  3 ice beasts
  6 ogres
  2 sky beasts
  2 black bears
  A slave (D:6)
  A phantom (D:9)
  25 wolves
  6 centaurs
  9 crocodiles
  3 big kobolds (D:8)
  12 bullfrogs
  A water moccasin zombie (Ossuary)
  3 scorpions
  5 killer bees (D:9)
  A howler monkey (D:6)
  8 wights
  3 electric eels
  3 crimson imps
  3 hounds
  2 centaur skeletons
  4 orc wizards
  3 iguanas
  5 orc priests
  6 jellies
  10 worker ants
  Ijyb (D:4)
  Natasha (thrice) (D:4)
  4 big kobold zombies (Ossuary)
  A hound zombie (D:5)
  2 hound skeletons
  2 mummies (Ossuary)
  Robin (D:2)
  3 gnolls (D:3)
  A howler monkey skeleton (D:4)
  8 adders
  A shadow imp (D:10)
  9 oozes
  4 adder zombies
  3 adder skeletons
  4 worms
  2 dart slugs
  7 leopard geckos
  32 orcs
  14 bats
  6 giant cockroaches
  5 gnoll zombies (Ossuary)
  11 goblins
  10 hobgoblins
  14 kobolds
  3 quokkas
  7 frilled lizards
  3 hobgoblin zombies (Ossuary)
  6 kobold zombies (Ossuary)
  8 orc zombies (Ossuary)
  A quokka skeleton (D:8)
  6 rats
  3 fungi
  5 plants (Lair:6)
461 creatures vanquished.

Vanquished Creatures (others)
  A leopard gecko (D:6)
  27 fungi
  12 plants
  7 toadstools (D:3)
47 creatures vanquished.

Grand Total: 508 creatures vanquished

Notes
Turn   | Place    | Note
-------+----------+-------------------------------------------
     0 | D:1      | Duffy the Naga Fire Elementalist began the quest for the
                  | Orb.
     0 | D:1      | Reached XP level 1. HP: 15/15 MP: 3/3
    92 | D:1      | Reached XP level 2. HP: 20/22 MP: 0/5
   907 | D:1      | Reached XP level 3. HP: 28/28 MP: 3/6
   912 | D:1      | Learned a level 3 spell: Conjure Flame
  1000 | D:2      | Found a deep blue altar of Sif Muna.
  1002 | D:2      | Found a shattered altar of Ashenzari.
  1002 | D:2      | Found a white marble altar of Elyvilon.
  1003 | D:2      | Found a bloodstained altar of Trog.
  1009 | D:2      | Became a worshipper of Sif Muna the Loreminder
  1359 | D:2      | Found a sacrificial altar of Ru.
  1359 | D:2      | Found an ornate altar of the Wu Jian Council.
  1392 | D:2      | Noticed Robin
  1468 | D:2      | Reached XP level 4. HP: 32/36 MP: 3/7
  1863 | D:3      | Found a glowing silver altar of Zin.
  2320 | D:3      | Reached XP level 5. HP: 30/42 MP: 4/9
  2500 | D:3      | Reached skill level 3 in Spellcasting
  2510 | D:3      | Reached XP level 6. HP: 46/49 MP: 4/10
  2513 | D:3      | Reached * piety under Sif Muna
  2602 | D:3      | Learned a level 4 spell: Sticky Flame
  3491 | D:3      | Found a hazy altar of Hepliaklqana.
  3544 | D:4      | Noticed Ijyb
  3551 | D:4      | Killed Ijyb
  3900 | D:4      | Noticed Natasha
  3903 | D:4      | Killed Natasha
  4062 | D:4      | Noticed Natasha
  4071 | D:4      | Killed Natasha
  4128 | D:4      | Reached XP level 7. HP: 51/55 MP: 9/12
  4158 | D:4      | Noticed Natasha
  4160 | D:4      | Killed Natasha
  4180 | D:4      | Found a sparkling altar of Nemelex Xobeh.
  4238 | D:4      | Noticed Grinder
  4238 | D:4      | Paralysed by Grinder for 4 turns
  4250 | D:4      | Killed Grinder
  4250 | D:4      | Reached skill level 4 in Spellcasting
  4250 | D:4      | Reached skill level 5 in Conjurations
  4250 | D:4      | Reached skill level 5 in Fire Magic
  4401 | D:5      | Entered Level 5 of the Dungeon
  4465 | D:5      | Found a staircase to the Ecumenical Temple.
  4483 | D:5      | Reached skill level 1 in Fighting
  4485 | D:5      | Reached ** piety under Sif Muna
  4647 | D:5      | Reached XP level 8. HP: 67/67 MP: 7/15
  5365 | D:5      | Reached skill level 5 in Spellcasting
  6024 | D:2      | Killed Robin
  6433 | D:6      | Found Ciummud's Food Shop.
  6473 | D:6      | Found Eruog's Antique Armour Emporium.
  6609 | D:6      | Found a sand-covered staircase.
  6618 | Ossuary  | Entered an ossuary
  6689 | Ossuary  | Reached skill level 6 in Spellcasting
  7267 | D:6      | Reached *** piety under Sif Muna
  7318 | D:6      | Reached skill level 5 in Fighting
  7413 | D:6      | Found Maca's Weapon Emporium.
  7605 | D:6      | Reached XP level 9. HP: 81/81 MP: 19/19
  7612 | D:6      | Learned a level 5 spell: Fireball
  7761 | D:6      | Noticed Pikel
  7782 | D:6      | Killed Pikel
  7782 | D:6      | Reached skill level 7 in Spellcasting
  7867 | D:6      | Found Oruwud's Assorted Antiques.
  7877 | D:6      | Bought a bubbling amethyst potion for 25 gold pieces
  7877 | D:6      | Bought a scroll labeled DYASTIRGHAJUH for 28 gold pieces
  7877 | D:6      | Bought a scroll labeled WYGHEGYMAUB for 28 gold pieces
  7877 | D:6      | Bought a scroll labeled DYASTIRGHAJUH for 28 gold pieces
  7877 | D:6      | Bought a bubbling ruby potion for 25 gold pieces
  8574 | D:7      | Gained mutation: You have a pair of small horns on your
                  | head. [potion of mutation]
  8574 | D:7      | Gained mutation: You are partially covered in large bone
                  | plates. (SH +4) [potion of mutation]
  8574 | D:7      | Gained mutation: Your movements are slightly less
                  | encumbered by armour. (ER -2) [potion of mutation]
  8574 | D:7      | Gained mutation: Your spells are a little harder to cast,
                  | but a little more powerful. [potion of mutation]
  8612 | D:7      | Reached skill level 1 in Invocations
  8796 | D:7      | Found a bloodstained altar of Trog.
  9467 | D:7      | Noticed Harold
  9487 | D:7      | Killed Harold
  9487 | D:7      | Reached **** piety under Sif Muna
  9487 | D:7      | Reached skill level 8 in Spellcasting
  9487 | D:7      | Reached XP level 10. HP: 29/88 MP: 5/22
 10316 | D:8      | Reached skill level 1 in Shields
 10335 | D:8      | Found a blossoming altar of Fedhas.
 11021 | D:8      | Noticed a three-headed hydra
 11030 | D:8      | Killed a three-headed hydra
 11320 | D:9      | Noticed a two-headed ogre
 11452 | D:9      | Reached skill level 5 in Invocations
 11533 | D:9      | Reached XP level 11. HP: 62/94 MP: 22/23
 11692 | D:9      | Killed a two-headed ogre
 11692 | D:9      | Reached skill level 9 in Spellcasting
 12251 | D:9      | Noticed Joseph
 12261 | D:9      | Killed Joseph
 12562 | D:9      | Found a staircase to the Lair.
 13133 | D:9      | Reached ***** piety under Sif Muna
 13140 | D:9      | Identified Sif Muna's Collected Works on Destructive
                  | Enchantment (Sif Muna gifted it to you on level 9 of the
                  | Dungeon)
 13140 | D:9      | Received a gift from Sif Muna
 13739 | D:10     | Entered Level 10 of the Dungeon
 13948 | D:10     | Noticed an unseen horror
 13957 | D:10     | Killed an unseen horror
 14140 | D:10     | Noticed Fannar
 14151 | D:10     | Killed Fannar
 14672 | Lair:1   | Entered Level 1 of the Lair of Beasts
 14786 | Lair:1   | Reached XP level 12. HP: 101/103 MP: 22/25
 15084 | Lair:1   | Reached skill level 10 in Spellcasting
 15471 | Lair:1   | Noticed a four-headed hydra
 15480 | Lair:1   | Killed a four-headed hydra
 15837 | Lair:1   | Noticed a five-headed hydra
 15845 | Lair:1   | Killed a five-headed hydra
 16118 | Lair:2   | Reached skill level 10 in Conjurations
 16118 | Lair:2   | Reached skill level 10 in Fire Magic
 16804 | Lair:2   | Noticed Gastronok
 16812 | Lair:2   | Killed Gastronok
 17183 | Lair:2   | Got a transparent chain mail
 17247 | Lair:2   | Identified Oluum's Compendium of Spatial Augmentations (Sif
                  | Muna gifted it to you on level 2 of the Lair of Beasts)
 17247 | Lair:2   | Received a gift from Sif Muna
 17469 | Lair:2   | Found a staircase to the Snake Pit.
 18328 | Lair:3   | Reached skill level 1 in Evocations
 18328 | Lair:3   | Gained mutation: You can use your snake-like lower body to
                  | constrict enemies. [Naga growth]
 18328 | Lair:3   | Reached XP level 13. HP: 109/109 MP: 25/27
 19438 | Lair:4   | Noticed Snorg
 19444 | Lair:4   | Killed Snorg
 19557 | Lair:4   | Found a staircase to the Shoals.
 19807 | Lair:4   | Reached skill level 11 in Spellcasting
 20136 | Lair:5   | Noticed Urug
 20141 | Lair:5   | Killed Urug
 20333 | Lair:5   | Reached skill level 5 in Shields
 20806 | Lair:5   | Reached skill level 10 in Invocations
 21436 | Lair:6   | Entered Level 6 of the Lair of Beasts
 21977 | Lair:6   | Reached skill level 5 in Evocations
 22118 | Lair:6   | Reached XP level 14. HP: 57/117 MP: 13/29
 22694 | Lair:6   | Reached skill level 12 in Spellcasting
 23767 | Lair:6   | Noticed a dire elephant
 23767 | Lair:6   | Noticed a dire elephant
 23777 | Lair:6   | Killed a dire elephant
 23782 | Lair:6   | Mangled by a dire elephant

Vault maps used:
D:1:      dpeg_arrival_yet_another_circle
D:2:      chequers_temple_overflow_statue_of_worship,
          gammafunk_temple_overflow_elements, first_ration,
          kennysheep_generic_room_12, uniq_robin
D:3:      cheibrodos_fertilizer, lemuel_coloured_pillars_altar,
          old_standard_altar, minmay_cut_off
D:4:      overflow_temple_1_default, uniq_ijyb, uniq_grinder, uniq_natasha
D:5:      minmay_temple_entry_ruins
D:6:      enter_ossuary_1, serial_shops, shop_statue, kennysheep_mini_moat,
          shop_statue, nicolae_shop_statue_plus,
          hangedman_abyss_or_decor_lesser_grid, serial_bayou_pond_a,
          minmay_misc_feat_encased, uniq_pikel
D:7:      basic_altar, uniq_harold
D:8:      hangedman_ranch, kennysheep_doodads, fedhas_altar_1
D:9:      due_lair_maze_entry_diamond, dk_noncrumbling_3, uniq_joseph
D:10:     uniq_fannar
Lair:1:   minmay_shattered_shrine
Lair:2:   minmay_snake_entry_guardpost_medium, dpeg_stationary_puzzle,
          uniq_gastronok
Lair:4:   shoals_dummy_entry, chequers_serial_rivers_small_3, bh_chokoban,
          beast_lair_carwin_3, uniq_snorg
Lair:5:   serial_bayou_ford_a, uniq_urug
Lair:6:   due_jungle_book, minmay_slime_entry_oklob_enclosed, lemuel_fruit_tree
Ossuary:  ossuary_tomb_2

Skill      XL: |  1  2  3  4  5  6  7  8  9 10 11 12 13 14 |
---------------+-------------------------------------------+-----
Conjurations   | 2 3 4 5 7 8 9 10 | 10.4
Spellcasting   | 3 4 6 8 9 10 11 12 | 12.2
Fire Magic     | 4 5 7 8 9 10 | 10.4
Fighting       | 2 5 |  5.0
Invocations    | 3 5 7 9 10 | 10.0
Shields        | 2 3 6 7 |  7.1
Evocations     | 1 5 6 |  6.8
Dodging        | |  1.5
Stealth        | |  3.0

Action                   |  1- 3 |  4- 6 |  7- 9 | 10-12 | 13-15 || total
-------------------------+-------+-------+-------+-------+-------++-------
Melee: Dagger            |     3 |    11 |       |       |       ||    14
       Spear             |       |       |    13 |     6 |    40 ||    59
       Headbutt          |       |       |       |     1 |    14 ||    15
       Constrict         |       |       |       |       |     3 ||     3
 Fire: Blowgun           |       |       |    59 |   119 |       ||   178
 Cast: Flame Tongue      |    55 |    73 |   256 |   369 |    15 ||   768
       Conjure Flame     |       |     6 |    14 |    27 |     4 ||    51
       Sticky Flame      |       |       |    15 |    40 |    34 ||    89
       Fireball          |       |       |       |    34 |   135 ||   169
Invok: Divine Energy     |       |     1 |       |       |       ||     1
       Channel Magic     |       |       |       |       |     4 ||     4
 Abil: Spit Poison       |    12 |    16 |     8 |     2 |       ||    38
Evoke: Staff of energy   |       |       |       |       |    45 ||    45
       Wand              |       |       |       |       |     7 ||     7
  Use: Scroll            |       |    13 |     5 |    11 |     2 ||    31
       Potion            |       |       |     1 |       |       ||     1
  Eat: Chunk             |     2 |     9 |    11 |    24 |    16 ||    62
       Ration            |       |       |     2 |       |       ||     2
Armor: Robe              |    10 |    16 |    55 |    22 |    26 ||   129
       Leather armour    |       |       |       |    39 |       ||    39
Dodge: Dodged            |    19 |    34 |    85 |    91 |    31 ||   260
Block: Other             |       |       |     7 |       |       ||     7
       Buckler           |       |       |       |    85 |       ||    85
       Shield            |       |       |       |     9 |    82 ||    91

Table legend:
 A = Non-vault XP
 B = Vault XP
 C = Vault XP percentage of total XP
 D = Non-vault monster count
 E = Vault monster count
 F = Vault count percentage of total count
                 A         B        C        D         E       F
            +---------+---------+-------+---------+---------+-------
      Total |   43101 |   20729 |  32.5 |     330 |     122 |  27.0
            +---------+---------+-------+---------+---------+-------
        D:1 |      35 |       0 |   0.0 |      19 |       0 |   0.0
        D:2 |      69 |      38 |  35.5 |      19 |      13 |  40.6
        D:3 |     107 |     201 |  65.3 |      22 |      22 |  50.0
        D:4 |     216 |     339 |  61.1 |      12 |       4 |  25.0
        D:5 |     590 |       0 |   0.0 |      18 |       0 |   0.0
        D:6 |    1103 |     663 |  37.5 |      17 |       1 |   5.6
        D:7 |    1056 |     976 |  48.0 |      22 |       1 |   4.3
        D:8 |     801 |    2199 |  73.3 |      25 |       8 |  24.2
        D:9 |    3612 |    1629 |  31.1 |      31 |      10 |  24.4
       D:10 |    2809 |    1023 |  26.7 |      20 |       1 |   4.8
     Lair:1 |    2082 |    3392 |  62.0 |       6 |      10 |  62.5
     Lair:2 |    4681 |    3191 |  40.5 |      25 |       8 |  24.2
     Lair:3 |    2689 |       0 |   0.0 |      18 |       0 |   0.0
     Lair:4 |    1267 |    3160 |  71.4 |       8 |       6 |  42.9
     Lair:5 |    5684 |     827 |  12.7 |      25 |       1 |   3.8
     Lair:6 |   16300 |    2828 |  14.8 |      43 |       5 |  10.4
    Ossuary |       0 |     263 | 100.0 |       0 |      32 | 100.0
            +---------+---------+-------+---------+---------+-------
